[Event "Monday 22January Rapid Engine Tour 12+1 Rounds 9 Starts 1600 ST"]
[Site "Infinity Chess"]
[Date "2018.1.22"]
[Round "4"]
[White "Dovahkiin"]
[Black "Satria_Ungu"]
[Result "1/2-1/2"]
[ECO ""]
[WhiteElo "2427"]
[BlackElo "2419"]
[WhiteEngine "BrainFish_180113_x64_modern_CTG"]
[BlackEngine "Houdini 6_CTG"]
[EventType "Swiss"]
[WhiteTeam ""]
[BlackTeam ""]
[PlyCount "69"]
[TimeControl "720+1"]

1. e3 Nf6 2. d3 d5 3. d4 c5 4. Nf3 Nc6 5. c3 e6 6. Nbd2 Qc7 7. Bd3 Bd6 
8. O-O O-O 9. dxc5 Bxc5 10. a3 e5 11. e4 Rd8 12. Qc2 g6 13. b4 Bb6 14. a4 a6 
15. h3 dxe4 16. Nxe4 Nxe4 17. Bxe4 Kg7 18. Bxc6 bxc6 19. a5 Ba7 20. Qe2 f6 
21. Be3 Bxe3 22. Qxe3 c5 23. Rfd1 Rxd1+ 24. Rxd1 Rb8 25. Rd5 cxb4 26. Rc5 Qd6 
27. cxb4 Bd7 28. Qc3 Rb5 29. Rxb5 Bxb5 30. Nd2 Qd3 31. Qc7+ Kh6 32. Qc1 Kg7 
33. Qc7+ Kh6 34. Qc1 Kg7 35. Qc7+ 1/2-1/2

[Event "Monday 22January Rapid Engine Tour 12+1 Rounds 9 Starts 1600 ST"]
[Site "Infinity Chess"]
[Date "2018.1.22"]
[Round "4"]
[White "Katzenmaier"]
[Black "hafaba"]
[Result "1-0"]
[ECO "B00"]
[WhiteElo "2449"]
[BlackElo "2438"]
[WhiteEngine "SugaR XPrO x64 POPCNT_CTG"]
[BlackEngine "Stockfish SL FA POPCNT_CTG"]
[EventType "Swiss"]
[WhiteTeam ""]
[BlackTeam ""]
[PlyCount "173"]
[TimeControl "720+1"]

1. e4 Nc6 2. Nc3 e5 3. g3 Bc5 4. Bg2 d6 5. d3 a5 6. Nge2 Nf6 7. O-O O-O 
8. h3 Rb8 9. a4 Re8 10. Kh2 Nb4 11. f4 c6 12. Nb1 h6 13. Nd2 Be3 14. Nc4 Bxc1 
15. Qxc1 Ra8 16. fxe5 dxe5 17. Qd2 b6 18. Nc3 Ba6 19. Ne3 Bc8 20. Rf2 Ra7 
21. Raf1 Re6 22. Ncd1 Kh7 23. b3 Rd7 24. Qe2 Rb7 25. h4 Rd6 26. Nf5 Re6 
27. Bh3 Ne8 28. Nde3 Rg6 29. Nc4 Qc7 30. Nxh6 Rxh6 31. Rxf7 Qb8 32. Rf8 Bxh3 
33. Kxh3 Qc8+ 34. Kg2 Qe6 35. c3 Nxd3 36. Qxd3 Rd7 37. Qe2 Nd6 38. Nxb6 Rb7 
39. Nc4 Rxb3 40. Nxd6 Qxd6 41. Ra8 Qa3 42. Kh3 Rb2 43. Qc4 Qb3 44. Qxb3 Rxb3 
45. Rf3 Rb1 46. Rxa5 Rh1+ 47. Kg2 Ra1 48. Rf8 Ra3 49. Raa8 Rf6 50. Rxf6 gxf6 
51. a5 Rxc3 52. a6 Rc4 53. a7 Rc2+ 54. Kf3 Ra2 55. Ke3 Ra3+ 56. Kd2 c5 
57. Kc2 Ra2+ 58. Kb3 Ra5 59. Kc4 Kg7 60. Kd5 c4+ 61. Kxc4 Kh7 62. g4 Ra6 
63. Kb5 Ra1 64. Kc6 Rc1+ 65. Kb7 Rb1+ 66. Kc8 Rc1+ 67. Kd8 Ra1 68. Rc8 Rxa7 
69. Rc7+ Rxc7 70. Kxc7 Kg7 71. Kd6 Kf7 72. g5 Kg6 73. gxf6 Kxf6 74. h5 Kg7 
75. Kxe5 Kh6 76. Kf5 Kxh5 77. e5 Kh6 78. Kf6 Kh5 79. e6 Kh4 80. Kf5 Kg3 
81. e7 Kf2 82. Ke4 Ke1 83. e8=Q Kf2 84. Kf4 Kg2 85. Qe2+ Kh3 86. Qd2 Kh4 
87. Qh2# 1-0

[Event "Monday 22January Rapid Engine Tour 12+1 Rounds 9 Starts 1600 ST"]
[Site "Infinity Chess"]
[Date "2018.1.22"]
[Round "4"]
[White "KULLANI"]
[Black "KhalidOmar"]
[Result "1/2-1/2"]
[ECO "C55"]
[WhiteElo "2440"]
[BlackElo "2461"]
[WhiteEngine "asmfish-popcnt-012018-W_CTG"]
[BlackEngine "Eman 1.66 64-bit BMI2"]
[EventType "Swiss"]
[WhiteTeam ""]
[BlackTeam ""]
[PlyCount "124"]
[TimeControl "720+1"]

1. e4 e5 2. Nf3 Nc6 3. Bc4 Nf6 4. d3 Bc5 5. O-O a5 6. c3 d6 7. Re1 O-O 
8. Nbd2 Be6 9. Bb5 Ne7 10. d4 Ba7 11. Ba4 c6 12. Bc2 Ng6 13. a4 Qd7 14. Nb3 Bb6 
15. Bg5 Ng4 16. h3 h6 17. Bd2 Nf6 18. Be3 Bc7 19. Bd3 Qe7 20. Nbd2 Nh5 
21. Qc2 Nhf4 22. Bf1 Qd7 23. c4 Nxg2 24. Kxg2 Bxh3+ 25. Kh1 exd4 26. Bxd4 d5 
27. exd5 Qg4 28. Qe4 Qh5 29. Nh2 Rfe8 30. Qf3 Bg4 31. Qg2 cxd5 32. Bb6 Bf4 
33. Be3 Bd6 34. cxd5 Rac8 35. f4 f5 36. Qf2 Rc2 37. Rac1 Rxb2 38. Rb1 Rc2 
39. Rxb7 Nxf4 40. Rd7 Be5 41. Bxf4 Bxf4 42. Rxe8+ Qxe8 43. Rxg7+ Kxg7 
44. Qxf4 Qe1 45. Nxg4 Qh4+ 46. Kg1 Qxg4+ 47. Qxg4+ fxg4 48. Nb3 h5 49. d6 Kf7 
50. d7 Ke7 51. Bb5 Rc3 52. Nxa5 Rc1+ 53. Kf2 h4 54. Nb7 Rd1 55. d8=Q+ Rxd8 
56. Nxd8 Kxd8 57. Kg2 Kc7 58. Be2 g3 59. a5 Kb7 60. Bc4 Ka7 61. Kf3 Kb7 
62. Bd3 Kc6 1/2-1/2

[Event "Monday 22January Rapid Engine Tour 12+1 Rounds 9 Starts 1600 ST"]
[Site "Infinity Chess"]
[Date "2018.1.22"]
[Round "4"]
[White "MarioDeMonti"]
[Black "CrapCleaner"]
[Result "1/2-1/2"]
[ECO "C55"]
[WhiteElo "2466"]
[BlackElo "2469"]
[WhiteEngine "stockfish_x64_bmi2_2018_01_13_CTG"]
[BlackEngine "Raubfisch ME262_GTZ16b3._CTG"]
[EventType "Swiss"]
[WhiteTeam ""]
[BlackTeam ""]
[PlyCount "222"]
[TimeControl "720+1"]

1. e4 e5 2. Nf3 Nc6 3. Bc4 Nf6 4. d3 Bc5 5. c3 O-O 6. O-O d6 7. Bg5 h6 8. Bh4 a5 
9. Nbd2 Ba7 10. Bb3 g5 11. Bg3 Be6 12. a4 Qe7 13. Nc4 Qd7 14. Ne3 Ne7 
15. Re1 Rae8 16. Bc2 Bxe3 17. Rxe3 Ng6 18. d4 Qe7 19. h3 Bd7 20. b4 b6 
21. Re1 c5 22. b5 Rc8 23. Qd2 Rfd8 24. Rad1 Be6 25. d5 Bd7 26. Nh2 Nh5 
27. Nf1 Qf6 28. c4 Nhf4 29. Ne3 Kh7 30. f3 Kg7 31. Rc1 Rh8 32. Rf1 h5 
33. Bh2 Rcg8 34. Bd1 Ne7 35. Kh1 Kf8 36. Rc3 Qh6 37. Qf2 f5 38. exf5 Nxf5 
39. Nxf5 Bxf5 40. Bc2 Bd7 41. Bg3 Ke8 42. Qe3 Kd8 43. Be4 Rg7 44. Rb3 Kc7 
45. Kg1 Rhg8 46. Kh2 Qf6 47. Rb2 Rf7 48. Qe1 Qe7 49. Kg1 Qf8 50. Kh2 Qc8 
51. Qb1 Rgg7 52. Rd1 Rf8 53. Rf2 h4 54. Bxf4 gxf4 55. Rh1 Rfg8 56. Kg1 Bxh3 
57. Rh2 Rg5 58. Qd1 Bf5 59. Bxf5 Rxf5 60. Rxh4 Rh8 61. Rxh8 Qxh8 62. Qd3 Rg5 
63. Rf1 Qh4 64. Qe4 Qg3 65. Qh7+ Rg7 66. Qc2 Qg5 67. Qd2 Qh5 68. Qc2 Qh3 
69. Qe2 Kd8 70. Qd2 Kc7 71. Rf2 Kd7 72. Qd3 Kc7 73. Qc2 Qh5 74. Rf1 Rg8 
75. Qe4 Kd8 76. Kf2 Qh4+ 77. Kg1 Qh3 78. Rf2 Rg7 79. Qe1 Kc7 80. Qe2 Rg5 
81. Qd3 Qh4 82. Rf1 Qh3 83. Qe2 Rg3 84. Qf2 Rg5 85. Re1 Rg3 86. Qe2 Rg7 
87. Qf2 Kd8 88. Rf1 Kd7 89. Qc2 Kc7 90. Rf2 Kd8 91. Qc3 Ke7 92. Qb2 Kd7 
93. Qb1 Qh5 94. Qd3 Rg5 95. Rd2 Kc7 96. Rd1 Qh3 97. Rd2 Rg3 98. Rf2 Rg5 
99. Qc2 Rg7 100. Rf1 Kb7 101. Qf2 Rg8 102. Qe2 Kb8 103. Rf2 Kc8 104. Qc2 Kd7 
105. Qd3 Rg5 106. Qe4 Kd8 107. Rd2 Rg8 108. Rf2 Kc8 109. Re2 Rg7 110. Rf2 Kb7 
111. Rd2 Qd7 1/2-1/2

[Event "Monday 22January Rapid Engine Tour 12+1 Rounds 9 Starts 1600 ST"]
[Site "Infinity Chess"]
[Date "2018.1.22"]
[Round "4"]
[White "RonWeasley"]
[Black "Eman"]
[Result "1/2-1/2"]
[ECO "C55"]
[WhiteElo "2497"]
[BlackElo "2478"]
[WhiteEngine "BrainFish 130117_CTG"]
[BlackEngine "Eman 1.66 64-bit POPCNT"]
[EventType "Swiss"]
[WhiteTeam ""]
[BlackTeam ""]
[PlyCount "209"]
[TimeControl "720+1"]

1. e4 e5 2. Nf3 Nc6 3. Bc4 Nf6 4. d3 Bc5 5. c3 a5 6. Bg5 h6 7. Bh4 g5 8. Bg3 d6 
9. O-O O-O 10. Bb3 g4 11. Nh4 Nh5 12. a4 Qg5 13. Nd2 Nxg3 14. hxg3 h5 
15. Qc2 Ne7 16. Rad1 Be6 17. Nc4 Qg7 18. Nxa5 Rxa5 19. Bxe6 fxe6 20. b4 Rxf2 
21. Rxf2 Bxf2+ 22. Kxf2 Ra8 23. Kg1 Ng6 24. Nxg6 Qxg6 25. a5 Qg5 26. Qf2 Rf8 
27. Qe1 c6 28. c4 Kg7 29. b5 c5 30. Ra1 Kg6 31. Rb1 Qd8 32. Rd1 Rh8 33. Qf2 Qe7 
34. Ra1 Ra8 35. Qe1 Rf8 36. Qe2 Qg5 37. Rf1 Ra8 38. Qf2 Qe7 39. Ra1 Qc7 
40. Qd2 Qe7 41. Qe1 Rf8 42. Rc1 Qc7 43. Qd2 Qe7 44. Rf1 Ra8 45. Qe1 Qc7 
46. Qf2 Qe7 47. Ra1 Rc8 48. Qe2 Rf8 49. Qe1 Qg5 50. Ra2 Rh8 51. Qd2 Qe7 
52. Qe2 Rf8 53. Qe1 Qc7 54. Kh2 Qe7 55. Kg1 Qc7 56. a6 bxa6 57. Rxa6 Qe7 
58. Ra1 Qg7 59. Qd2 Qf6 60. Qe2 Qg5 61. Rf1 Ra8 62. Qf2 Qe7 63. Kh2 Qg7 
64. Qb2 Qe7 65. Qf2 Qg7 66. Qe3 Qa7 67. Rb1 Qe7 68. Qc1 h4 69. Qe1 hxg3+ 
70. Qxg3 Qg5 71. Rf1 Qh5+ 72. Kg1 Rh8 73. Kf2 Qg5 74. Kg1 Rh7 75. b6 Rg7 
76. Rb1 Rb7 77. Kf1 Qf4+ 78. Qf2 g3 79. Qxf4 exf4 80. e5 dxe5 81. Ke2 Kf6 
82. Kf3 Ke7 83. Ke4 Kd6 84. Rb2 Rb8 85. b7 Kc6 86. Kxe5 f3 87. gxf3 Rxb7 
88. Rg2 Rd7 89. Ke4 Rg7 90. f4 Rg8 91. Kf3 Rd8 92. Rd2 Rg8 93. Kg2 Kc7 
94. Re2 Kd6 95. Kh3 e5 96. fxe5+ Ke6 97. Kg2 Rg7 98. Re3 Rg4 99. Re2 Rg7 
100. Re3 Rg4 101. Rxg3 Rxg3+ 102. Kxg3 Kxe5 103. Kf2 Kf6 104. Kf3 Kf5 105. Kg2 
1/2-1/2

[Event "Monday 22January Rapid Engine Tour 12+1 Rounds 9 Starts 1600 ST"]
[Site "Infinity Chess"]
[Date "2018.1.22"]
[Round "4"]
[White "Victorious"]
[Black "xeonrocks"]
[Result "0-1"]
[ECO "A05"]
[WhiteElo "2498"]
[BlackElo "2535"]
[WhiteEngine "BugChess2.41_Release"]
[BlackEngine "asmFishW_CTG"]
[EventType "Swiss"]
[WhiteTeam ""]
[BlackTeam ""]
[PlyCount "206"]
[TimeControl "720+1"]

1. Nf3 Nf6 2. d4 d5 3. e3 c5 4. Nbd2 e6 5. c3 b6 6. Bb5+ Nbd7 7. e4 dxe4 
8. Nxe4 Nxe4 9. Bc6 Rb8 10. Bxe4 Qc7 11. Qe2 Bd6 12. O-O O-O 13. Bg5 h6 
14. Bh4 b5 15. Rad1 cxd4 16. Bc2 Rb6 17. Rxd4 e5 18. Rd2 f5 19. Rfd1 e4 
20. Nd4 Bxh2+ 21. Kh1 Bf4 22. Nxb5 Rxb5 23. Qxb5 Bxd2 24. Qd5+ Kh8 25. Qxd2 g5 
26. Qd4+ Nf6 27. Bg3 f4 28. Bh2 Bb7 29. Qxa7 Kg7 30. Qd4 Re8 31. Kg1 Bd5 
32. b3 Qa5 33. a4 e3 34. fxe3 Rxe3 35. Rf1 Qxc3 36. Qxc3 Rxc3 37. Bd1 Be4 
38. Re1 Bd3 39. g3 Rc1 40. gxf4 Bc2 41. fxg5 hxg5 42. Bxc2 Rxe1+ 43. Kf2 Rc1 
44. Bd3 Ng4+ 45. Kg3 Ne5 46. Be4 Re1 47. Ba8 Rb1 48. a5 Rxb3+ 49. Kg2 Nd7 
50. Bc6 Nb8 51. Bd5 Rb2+ 52. Kg1 Kf6 53. Bc7 Na6 54. Bb6 Kf5 55. Bb7 Nc5 
56. Bc8+ Ke5 57. Bc7+ Ke4 58. Bb6 Kd5 59. Kf1 Kd6 60. Kg1 Rb4 61. Kh2 Rc4 
62. Bh3 Rh4 63. Kg3 Ne4+ 64. Kf3 Rf4+ 65. Ke3 Nf6 66. Bg2 Ra4 67. Bd8 Ng4+ 
68. Kf3 Ne5+ 69. Kf2 Ra2+ 70. Kg1 g4 71. Kh2 Nc6 72. Bb6 Nxa5 73. Kg3 Nc4 
74. Bd4 Ke6 75. Be4 Nd6 76. Bb1 Ra4 77. Bb2 Ne4+ 78. Kg2 Kf5 79. Bh8 Ra7 
80. Bd4 Rd7 81. Be3 Rb7 82. Bxe4+ Kxe4 83. Bc5 Rd7 84. Bg1 Rd2+ 85. Kg3 Kf5 
86. Bh2 Ra2 87. Bg1 Ra3+ 88. Kf2 g3+ 89. Ke2 Ke4 90. Kd2 g2 91. Kc2 Ra1 
92. Bb6 g1=Q 93. Bxg1 Rxg1 94. Kc3 Rc1+ 95. Kb4 Kd5 96. Kb3 Kd4 97. Kb2 Rc4 
98. Kb3 Kd3 99. Kb2 Rb4+ 100. Ka3 Kc3 101. Ka2 Ra4+ 102. Kb1 Ra3 103. Kc1 Ra1# 
0-1

[Event "Monday 22January Rapid Engine Tour 12+1 Rounds 9 Starts 1600 ST"]
[Site "Infinity Chess"]
[Date "2018.1.22"]
[Round "4"]
[White "Marsell"]
[Black "Longin"]
[Result "1/2-1/2"]
[ECO "C53"]
[WhiteElo "2489"]
[BlackElo "2448"]
[WhiteEngine "asmFishW_2018-01-11_popcnt"]
[BlackEngine "S_XPrO.251117.x64.POPCNT_CTG"]
[EventType "Swiss"]
[WhiteTeam ""]
[BlackTeam ""]
[PlyCount "286"]
[TimeControl "720+1"]

1. e4 e5 2. Nf3 Nc6 3. Bc4 Bc5 4. c3 Nf6 5. d3 d6 6. O-O h6 7. b4 Bb6 8. a4 a6 
9. Nbd2 O-O 10. h3 Ba7 11. Re1 Bd7 12. Bb3 Be6 13. Bxe6 fxe6 14. Nb3 Qe8 
15. Be3 Bxe3 16. Rxe3 Qf7 17. Nbd2 Nd7 18. Qb3 Qf6 19. Rf1 Rf7 20. Qc4 Nb6 
21. Qa2 Nd7 22. Nh2 Qe7 23. Nhf3 Qf6 24. Nh2 Qe7 25. Qb3 Rb8 26. b5 Na5 
27. Qb4 b6 28. d4 axb5 29. axb5 exd4 30. cxd4 e5 31. Ndf3 Re8 32. Qc3 Nf6 
33. Rd1 Qe6 34. Qc2 Qc4 35. Rc3 Qxb5 36. dxe5 dxe5 37. Ng4 Nxg4 38. hxg4 Nb7 
39. Rxc7 Nc5 40. Rb1 Qxb1+ 41. Qxb1 Rxc7 42. Qxb6 Rcc8 43. g5 Re6 44. Qb5 Kf8 
45. Qc4 Ke7 46. Qd5 hxg5 47. Nxg5 Kf6 48. Nxe6 Nxe6 49. Kh2 Rc2 50. Kg3 Rc3+ 
51. f3 Rc8 52. Kg4 Rh8 53. g3 g5 54. Qd7 Rh1 55. Qe8 Rh2 56. Qb5 Rh8 57. Qb7 Rh2 
58. Qb5 Rh7 59. Qc6 Rh2 60. Qd6 Rh6 61. Qa6 Rh7 62. Qa3 Rh6 63. Qd6 Rh8 
64. Qd5 Rh6 65. Qa5 Rh7 66. Qb6 Rh8 67. Qd6 Rh6 68. Qd7 Rh2 69. Qc6 Rh8 
70. Qd7 Rh6 71. Qc6 Rh8 72. Qd5 Rh6 73. Qb3 Rh7 74. Qb1 Rh2 75. Qd3 Rh1 
76. Qc4 Rh6 77. Qb4 Rh2 78. Qb3 Rh1 79. Qb6 Rh8 80. Qa7 Rh6 81. Qa1 Rh2 
82. Qc1 Rh6 83. Qc3 Rh7 84. Qe1 Rh6 85. Qc3 Rh8 86. Qc2 Rh1 87. Qb3 Rh7 
88. Qb1 Rh8 89. Qb5 Rh1 90. Qd3 Rh2 91. Qd7 Rh1 92. Qd2 Rh8 93. Qg2 Rh6 
94. Qf1 Rh7 95. Qe1 Rh8 96. Qc3 Rh7 97. Qd2 Rh1 98. Qd7 Rh2 99. Qa7 Rh1 
100. Qa2 Rh8 101. Qa5 Rh6 102. Qa6 Rh2 103. f4 gxf4 104. gxf4 exf4 105. Qa1+ Kf7 
106. e5 Ke8 107. Qa7 Rh6 108. Kf5 f3 109. Qe3 f2 110. Qxf2 Nf8 111. Qa7 Rg6 
112. Qb7 Rh6 113. Qa8+ Ke7 114. Qb7+ Ke8 115. Qb3 Rh5+ 116. Kg4 Rh6 
117. Qb8+ Ke7 118. Qb4+ Ke8 119. Qa3 Nd7 120. Kf5 Nf8 121. Qb4 Rh5+ 122. Kg4 Rh6 
123. Qa4+ Ke7 124. Qa3+ Kf7 125. Qa2+ Ke7 126. Qd2 Rb6 127. Kf5 Ke8 128. Qd5 Rg6 
129. Qc4 Rh6 130. Qc8+ Kf7 131. Qc4+ Kg7 132. Qf4 Rg6 133. Qc4 Rh6 134. Qc7+ Kg8 
135. Qe7 Rh5+ 136. Ke4 Rh6 137. Kf5 Rh5+ 138. Ke4 Rh6 139. Qg5+ Rg6 140. Qf5 Kg7 
141. Kd5 Kg8 142. Qc8 Rb6 143. Kd4 Rh6 1/2-1/2

[Event "Monday 22January Rapid Engine Tour 12+1 Rounds 9 Starts 1600 ST"]
[Site "Infinity Chess"]
[Date "2018.1.22"]
[Round "4"]
[White "SkyPilot"]
[Black "Wolle"]
[Result "1/2-1/2"]
[ECO "C53"]
[WhiteElo "2477"]
[BlackElo "2493"]
[WhiteEngine "stockfish_x64_bmi2_2018_01_13_CTG"]
[BlackEngine "Raubfisch X37a2_CTG"]
[EventType "Swiss"]
[WhiteTeam ""]
[BlackTeam ""]
[PlyCount "103"]
[TimeControl "720+1"]

1. e4 e5 2. Nf3 Nc6 3. Bc4 Bc5 4. c3 Nf6 5. d3 d6 6. O-O a5 7. Re1 O-O 
8. Nbd2 Ng4 9. Re2 Nf6 10. Nf1 Bb6 11. Ng3 Be6 12. Bxe6 fxe6 13. Be3 Bxe3 
14. Rxe3 a4 15. d4 Nd7 16. Qe2 Qf6 17. Rd1 Nb6 18. h3 Rae8 19. d5 exd5 
20. exd5 Ne7 21. c4 Qg6 22. Nd2 Rf4 23. Nde4 Ref8 24. Re1 h6 25. Qd1 Nxc4 
26. Rc3 Nb6 27. Rxc7 Nexd5 28. Rxb7 R4f7 29. Rxf7 Qxf7 30. Rf1 Rd8 31. Qg4 Ne7 
32. Nc3 Qf4 33. Qxf4 exf4 34. Nge2 g5 35. Rd1 d5 36. Nd4 Kf7 37. Kf1 Ra8 
38. Re1 Nc4 39. b3 axb3 40. axb3 Nd2+ 41. Ke2 Ne4 42. Nxe4 dxe4 43. Kf1 Nd5 
44. Rxe4 Nc3 45. Re6 Ra2 46. f3 Rd2 47. Rc6 Rd1+ 48. Kf2 Rd2+ 49. Ke1 Rd1+ 
50. Kf2 Rd2+ 51. Ke1 Rd1+ 52. Kf2 1/2-1/2

[Event "Monday 22January Rapid Engine Tour 12+1 Rounds 9 Starts 1600 ST"]
[Site "Infinity Chess"]
[Date "2018.1.22"]
[Round "3"]
[White "OlivierEvan"]
[Black "Prometheus"]
[Result "1/2-1/2"]
[ECO "A04"]
[WhiteElo "2389"]
[BlackElo "2413"]
[WhiteEngine "Houdini 6"]
[BlackEngine "Eman 1.58-64bit-IDeA"]
[EventType "Swiss"]
[WhiteTeam ""]
[BlackTeam ""]
[PlyCount "110"]
[TimeControl "720+1"]

1. Nf3 e6 2. c4 d5 3. g3 Nf6 4. d4 Be7 5. Bg2 O-O 6. Nc3 dxc4 7. Ne5 Nc6 
8. Bxc6 bxc6 9. Nxc6 Qe8 10. Nxe7+ Qxe7 11. Qa4 c5 12. dxc5 Qxc5 13. Be3 Qc7 
14. O-O Ng4 15. Bd2 Bd7 16. Qa3 Qb7 17. Rfd1 Bc6 18. h3 Nf6 19. Rac1 Rfb8 
20. Rc2 Rd8 21. Be1 h6 22. Rcd2 Rxd2 23. Rxd2 Qb6 24. Qd6 Nd5 25. Qe5 Rb8 
26. Kf1 Nxc3 27. Qxc3 Bd5 28. f3 Qa6 29. e4 Bc6 30. Rd6 Qb5 31. g4 Kh7 
32. Bf2 e5 33. Kg2 Be8 34. Rd2 f6 35. Qe3 a5 36. h4 Rb7 37. Qc5 Qb4 
38. Qxb4 axb4 39. Rc2 Bf7 40. h5 g6 41. hxg6+ Kxg6 42. Be1 h5 43. gxh5+ Kxh5 
44. Re2 Kh6 45. Kg3 Be6 46. Rd2 Rb6 47. Rh2+ Kg5 48. Rh7 c3 49. bxc3 bxc3 
50. Bxc3 Bxa2 51. Rc7 Bb1 52. Ba5 Rb3 53. Rc3 Rxc3 54. Bxc3 f5 55. Bxe5 fxe4 
1/2-1/2

[Event "Monday 22January Rapid Engine Tour 12+1 Rounds 9 Starts 1600 ST"]
[Site "Infinity Chess"]
[Date "2018.1.22"]
[Round "3"]
[White "KULLANI"]
[Black "Dinkelberger"]
[Result "1-0"]
[ECO "E16"]
[WhiteElo "2425"]
[BlackElo "2394"]
[WhiteEngine "asmfish-popcnt-012018-W_CTG"]
[BlackEngine "stockfish_17111113_x64_modern_CTG"]
[EventType "Swiss"]
[WhiteTeam ""]
[BlackTeam ""]
[PlyCount "141"]
[TimeControl "720+1"]

1. d4 Nf6 2. c4 e6 3. Nf3 b6 4. g3 Bb7 5. Bg2 Bb4+ 6. Bd2 a5 7. O-O O-O 
8. Bf4 Be7 9. Nc3 Ne4 10. Qd3 Nxc3 11. bxc3 h6 12. Nd2 Bxg2 13. Kxg2 d6 
14. e4 Bg5 15. Bxg5 Qxg5 16. f4 Qd8 17. Rae1 a4 18. e5 Nc6 19. g4 Qh4 
20. h3 Rad8 21. Kh2 dxe5 22. fxe5 Qg5 23. Qe2 Ne7 24. Ne4 Qh4 25. Qe3 Rd7 
26. Rb1 Ng6 27. Rb2 Rb8 28. Rg2 c5 29. g5 hxg5 30. Rg4 Qh7 31. Rxg5 cxd4 
32. cxd4 Rf8 33. Rfg1 Qh6 34. R1g4 Rc7 35. Qd3 Re8 36. Nd6 Rd8 37. Qe3 Rdd7 
38. d5 b5 39. Qb6 bxc4 40. dxe6 fxe6 41. Ne4 Rb7 42. Qxe6+ Kh8 43. Qxg6 Qxg6 
44. Rxg6 Rd8 45. e6 Rd3 46. Rh4+ Kg8 47. Nf6+ Kf8 48. Rh8+ Ke7 49. Rxg7+ Kxf6 
50. Rxb7 Kxe6 51. Rh6+ Ke5 52. Rb5+ Kd4 53. Rd6+ Ke4 54. Rxd3 cxd3 55. Rb6 Ke5 
56. Rb8 Ke4 57. h4 d2 58. Rd8 Ke3 59. h5 Ke2 60. h6 d1=Q 61. Rxd1 Kxd1 
62. h7 Kc1 63. h8=Q Kb1 64. Qc3 Kxa2 65. Kg1 Kb1 66. Kf2 Ka2 67. Ke3 Kb1 
68. Kd3 Ka2 69. Kc2 a3 70. Qb3+ Ka1 71. Qb1# 1-0

[Event "Monday 22January Rapid Engine Tour 12+1 Rounds 9 Starts 1600 ST"]
[Site "Infinity Chess"]
[Date "2018.1.22"]
[Round "3"]
[White "Thinker"]
[Black "ivrdurant"]
[Result "1/2-1/2"]
[ECO "C55"]
[WhiteElo "2419"]
[BlackElo "2372"]
[WhiteEngine "BrainFish_180113_x64_modern_CTG"]
[BlackEngine "Raubfisch X37b3._CTG"]
[EventType "Swiss"]
[WhiteTeam ""]
[BlackTeam ""]
[PlyCount "144"]
[TimeControl "720+1"]

1. e4 e5 2. Nf3 Nc6 3. Bc4 Nf6 4. d3 Bc5 5. c3 O-O 6. a4 a6 7. Bg5 h6 8. Bh4 g5 
9. Bg3 d6 10. O-O Ba7 11. Na3 Kg7 12. Nc2 Be6 13. b3 Qd7 14. Re1 Rae8 
15. h3 Bxc4 16. bxc4 Nh5 17. Bh2 f5 18. Nxg5 Nf6 19. Nf3 fxe4 20. dxe4 Na5 
21. Qe2 Kh7 22. Nd2 Rf7 23. Kh1 Rg8 24. Rf1 Rfg7 25. Ne1 Qe6 26. f4 exf4 
27. Rxf4 Nc6 28. Rb1 Bb6 29. c5 Bxc5 30. Rxb7 Bb6 31. Nc4 Na5 32. Rxb6 Nxc4 
33. Rb4 Ne5 34. Rf2 Re8 35. Bxe5 Qxe5 36. Nd3 Qg5 37. e5 dxe5 38. Nc5 Nh5 
39. Qf3 Qg3 40. Qf5+ Qg6 41. Ne4 Re6 42. Qf3 Ree7 43. Qxh5 Qxh5 44. Nf6+ Kg6 
45. Nxh5 Kxh5 46. Re4 Kg6 47. Kg1 h5 48. Rf8 Rgf7 49. Rg8+ Rg7 50. Rf8 Rgf7 
51. Rg8+ Rg7 52. Rh8 Rgf7 53. Rc4 Rf4 54. Rc6+ Kg5 55. Rxa6 Rc4 56. a5 Rxc3 
57. h4+ Kf4 58. Rxh5 Ra3 59. Rg5 c5 60. Ra8 Ra1+ 61. Kh2 e4 62. Rf8+ Ke3 
63. Rxc5 Kd4 64. Rg5 e3 65. Rg4+ Kc3 66. Rff4 e2 67. Rf3+ Kb2 68. Rb4+ Kc1 
69. Rc4+ Kb1 70. Rb4+ Kc1 71. Rc4+ Kb1 72. Rb4+ Kc1 1/2-1/2

[Event "Monday 22January Rapid Engine Tour 12+1 Rounds 9 Starts 1600 ST"]
[Site "Infinity Chess"]
[Date "2018.1.22"]
[Round "3"]
[White "BraveDevil"]
[Black "Satria_Ungu"]
[Result "1/2-1/2"]
[ECO "A40"]
[WhiteElo "2377"]
[BlackElo "2421"]
[WhiteEngine "Cryptic AIL V1"]
[BlackEngine "Houdini 6_CTG"]
[EventType "Swiss"]
[WhiteTeam ""]
[BlackTeam ""]
[PlyCount "160"]
[TimeControl "720+1"]

1. d4 c6 2. e4 d5 3. Nc3 dxe4 4. Nxe4 Bf5 5. Ng3 Bg6 6. Nf3 e6 7. Be2 Bd6 
8. O-O Nf6 9. Re1 Nbd7 10. Bd3 Bxd3 11. Qxd3 O-O 12. b3 Qc7 13. c4 Rfe8 
14. Bb2 Rad8 15. Rad1 Bb4 16. Re2 Bd6 17. Qc2 Nf8 18. Nf1 Be7 19. Ne3 Qf4 
20. Ne5 Ng6 21. g3 Qh6 22. Kg2 Qg5 23. Ree1 Bb4 24. Rf1 Nh4+ 25. Kg1 Nf5 
26. Ng2 h5 27. Qe2 Qh6 28. Rd3 Nh7 29. Rfd1 f6 30. Nf3 Bd6 31. Bc1 g5 32. h4 Qg7 
33. hxg5 fxg5 34. Ne5 Nf6 35. Ne1 Bc7 36. a4 Bb6 37. Bb2 Bc7 38. Kf1 Rf8 
39. Ba3 Rfe8 40. Bb2 Rf8 41. Ba3 Rfe8 42. Bc1 Bb6 43. Bb2 Bc7 44. b4 a6 
45. a5 Bb8 46. Bc1 Bd6 47. Nc2 Re7 48. Kg2 h4 49. g4 Nh6 50. Re3 Rde8 
51. Rh1 Rf8 52. Ne1 Bxb4 53. N1d3 Bd6 54. Reh3 Nh7 55. Rf1 Ree8 56. Nc5 Nf6 
57. Ncd3 Nh7 58. Nc5 Nf6 59. Rb3 Bxe5 60. Qxe5 Nf7 61. Qe2 e5 62. d5 cxd5 
63. Rxb7 Rb8 64. Ne6 Qh6 65. Rb6 Rxb6 66. axb6 Rb8 67. Nxg5 Nxg5 68. Qxe5 Rxb6 
69. Bxg5 h3+ 70. Kg3 Ne4+ 71. Qxe4 dxe4 72. Bxh6 Rxh6 73. Rh1 a5 74. c5 Kf7 
75. Rxh3 Rxh3+ 76. Kxh3 e3 77. fxe3 Ke7 78. g5 a4 79. g6 a3 80. c6 a2 1/2-1/2

[Event "Monday 22January Rapid Engine Tour 12+1 Rounds 9 Starts 1600 ST"]
[Site "Infinity Chess"]
[Date "2018.1.22"]
[Round "3"]
[White "hafaba"]
[Black "Dovahkiin"]
[Result "1/2-1/2"]
[ECO "A06"]
[WhiteElo "2439"]
[BlackElo "2426"]
[WhiteEngine "Stockfish SL FA POPCNT_CTG"]
[BlackEngine "BrainFish_180113_x64_modern_CTG"]
[EventType "Swiss"]
[WhiteTeam ""]
[BlackTeam ""]
[PlyCount "117"]
[TimeControl "720+1"]

1. Nf3 d5 2. d4 Nf6 3. c4 e6 4. Nc3 c6 5. e3 Nbd7 6. Qc2 Bd6 7. Bd3 O-O 
8. O-O dxc4 9. Bxc4 a6 10. a4 c5 11. dxc5 Bxc5 12. Ne4 Nxe4 13. Qxe4 Qe7 
14. b3 Nf6 15. Qc2 h6 16. Rd1 b6 17. Bb2 Bb7 18. Qe2 a5 19. Ne5 Rfd8 
20. Bb5 Rxd1+ 21. Rxd1 Rd8 22. Bc6 Rxd1+ 23. Qxd1 Bxc6 24. Nxc6 Qb7 25. Qd8+ Bf8 
26. Ne5 Qe4 27. Qd3 Qb4 28. Kf1 Ne4 29. Ke2 Nc5 30. Qc4 Bd6 31. g3 Bc7 
32. Qxb4 axb4 33. Nc6 Nxb3 34. Bd4 f6 35. Nxb4 e5 36. Nd5 exd4 37. Nxc7 dxe3 
38. Nd5 b5 39. axb5 Nd4+ 40. Kxe3 Nxb5 41. Kf3 Kf7 42. Ke3 f5 43. h4 g5 
44. hxg5 hxg5 45. f3 Ke6 46. Nb4 Nd6 47. Nc6 Nc4+ 48. Kd4 Nd2 49. Ke3 Nf1+ 
50. Kf2 Nd2 51. Ke2 Nc4 52. Nd8+ Ke5 53. Nc6+ Kf6 54. Nb4 Ne5 55. f4 gxf4 
56. gxf4 Ng6 57. Nd5+ Ke6 58. Nc7+ Kd7 59. Nd5 1/2-1/2

[Event "Monday 22January Rapid Engine Tour 12+1 Rounds 9 Starts 1600 ST"]
[Site "Infinity Chess"]
[Date "2018.1.22"]
[Round "3"]
[White "Longin"]
[Black "star99"]
[Result "1-0"]
[ECO "B90"]
[WhiteElo "2431"]
[BlackElo "2448"]
[WhiteEngine "S_XPrO.251117.x64.POPCNT_CTG"]
[BlackEngine "Cryptic AIL V1"]
[EventType "Swiss"]
[WhiteTeam ""]
[BlackTeam ""]
[PlyCount "211"]
[TimeControl "720+1"]

1. e4 c5 2. Nf3 d6 3. d4 cxd4 4. Nxd4 Nf6 5. Nc3 a6 6. Be3 e5 7. Nb3 Be7 
8. f3 Be6 9. Qd2 O-O 10. O-O-O Nbd7 11. g4 Qc7 12. Kb1 b5 13. g5 Nh5 
14. Nd5 Bxd5 15. exd5 Nb6 16. Na5 Nxd5 17. Qxd5 Qxa5 18. Bd3 g6 19. Qb7 Qd8 
20. h4 Rb8 21. Qxa6 Qd7 22. Rhe1 d5 23. Bg1 Qc7 24. Qa7 Rb7 25. Qe3 Bb4 
26. c3 Bd6 27. Bh2 Nf4 28. Bxf4 exf4 29. Qc1 b4 30. cxb4 Qxc1+ 31. Rxc1 Bxb4 
32. Re2 Ba3 33. Ka1 Be7 34. Rce1 Bc5 35. a4 Rb3 36. Rd1 Rfb8 37. Rc2 Bd4 
38. Bb5 Bb6 39. Rf1 Re3 40. Ka2 Kf8 41. Rc6 Re5 42. b4 Bd4 43. Rd1 Bf2 
44. Rc7 Be1 45. Rd4 Rf5 46. Bd7 Re5 47. Bb5 Rf5 48. Kb3 Bf2 49. Rd2 Bxh4 
50. Bc6 Rxg5 51. b5 Be1 52. Rxd5 Ba5 53. Rxg5 Bxc7 54. Rd5 Ba5 55. Rd7 Rc8 
56. Bd5 Rc3+ 57. Kb2 Rc7 58. Rd8+ Ke7 59. Ra8 Bb6 60. a5 Bd4+ 61. Kb3 Rc1 
62. b6 Rb1+ 63. Kc4 Bxb6 64. axb6 Rxb6 65. Ra7+ Kd6 66. Rxf7 Rb1 67. Be4 Rc1+ 
68. Kd4 Rd1+ 69. Bd3 Rh1 70. Rxf4 Rh6 71. Be4 Rh1 72. Rf6+ Ke7 73. Rb6 Rh5 
74. Rb7+ Ke6 75. Ke3 Rh3 76. Kf4 Rh1 77. Kg3 Kf6 78. f4 Rg1+ 79. Kf2 Rg4 
80. Kf3 Rg1 81. Rb1 Rxb1 82. Bxb1 Ke7 83. Ke4 Ke6 84. Ba2+ Kf6 85. Bd5 h6 
86. Bb3 h5 87. Bc4 Kg7 88. Ke5 h4 89. Be6 Kh6 90. Kf6 Kh5 91. Bf7 Kg4 92. Ke5 h3 
93. Bxg6 Kh4 94. Be4 Kg4 95. f5 Kg5 96. f6 Kh6 97. f7 Kg7 98. Ke6 Kf8 99. Bd5 h2 
100. Bh1 Kg7 101. Ke7 Kg6 102. f8=Q Kg5 103. Bf3 Kg6 104. Qf6+ Kh7 105. Be4+ Kg8 
106. Qf8# 1-0